 Dungeon Crawl Stone Soup version 0.28.0-43-g3370ac3207 (webtiles) character file.

Game seed: 4173984137184759330

119 FuzzyBison the Caller (level 5, 0/28 HPs)
             Began as a Tengu Summoner on Mar 24, 2022.
             Was a Follower of Qazlal.
             Slain by a shadow imp (3 damage)
             ... on level 5 of the Dungeon.
             The game lasted 00:25:07 (2532 turns).

FuzzyBison the Caller (Tengu Summoner)              Turns: 2532, Time: 00:25:07

Health: 0/28       AC:  3    Str:  8    XL:     5   Next: 3%
Magic:  2/10       EV: 15    Int: 17    God:    Qazlal [*.....]
Gold:   86         SH:  2    Dex: 15    Spells: 3/9 levels left

rFire   . . .      SeeInvis .   u - +0 trident
rCold   . . .      Faith    .   (no shield)
rNeg    . . .      Spirit   .   a - +0 robe
rPois   .          Reflect  .   (helmet restricted)
rElec   .          Harm     .   r - +0 cloak
rCorr   .          Rampage  .   (no gloves)
Will    .....                   (boots unavailable)
Stlth   ++........              (no amulet)
HPRegen 0.09/turn               (no ring)
MPRegen 0.12/turn               (no ring)

@: flying quickly and evasively, quick
A: beak, talons 3, nimble flight
a: Renounce Religion


You were on level 5 of the Dungeon.
You worshipped Qazlal.
Qazlal was aware of your devotion.
You visited 1 branch of the dungeon, and saw 5 of its levels.

You collected 179 gold pieces.
You spent 93 gold pieces at shops.

Inventory:

Hand Weapons
 b - a +0 club
 h - a +0 short sword
 u - a +0 trident (weapon)
 v - a +0 vorpal spear
Missiles
 c - 2 poisoned darts
 i - 3 curare-tipped darts (quivered)
Armour
 a - a +0 robe (worn)
 r - a +0 cloak (worn)
Magical Staves
 s - a staff of air
Jewellery
 l - an amulet of regeneration
Wands
 n - a wand of charming (7)
 p - a wand of paralysis (6)
Scrolls
 g - 2 scrolls of teleportation {unknown}
 j - a scroll of identify {unknown}
 k - a scroll of amnesia {unknown}
 o - a scroll of torment {unknown}
 t - a scroll of blinking {unknown}
Potions
 d - 2 potions of curing {unknown}
 e - a potion of brilliance {unknown}
 f - a potion of mutation {unknown}
 m - a potion of berserk rage {unknown}
 q - a potion of heal wounds {unknown}


   Skills:
 + Level 3.2 Dodging
 + Level 3.1 Stealth
 + Level 2.9 Spellcasting
 + Level 5.6 Summonings


You had 3 spell levels left.
You knew the following spells:

 Your Spells              Type           Power      Damage    Failure   Level
a - Summon Small Mammal   Summ           84%        N/A       1%          1
b - Call Imp              Summ           21%        N/A       2%          2
c - Call Canine Familiar  Summ           21%        N/A       5%          3

Your spell library contained the following spells:

 Spells                   Type           Power      Damage    Failure   Level
 Summon Guardian Golem    Hex/Summ       11%        N/A       17%         3
 Ozocubu's Armour         Ice            2%         N/A       47%         3
 Summon Lightning Spire   Summ/Air       11%        N/A       50%         4
 Ozocubu's Refrigeration  Ice            1%         4d5       100%        7


Dungeon Overview and Level Annotations

Branches:
Dungeon (6/15)
 Temple: D:4-7

Altars:
Fedhas
Qazlal

Shops:
D:2 *


Innate Abilities, Weirdness & Mutations

You have a beak for a mouth.
You have claws for feet.
Your magical nature lets you fly swiftly and evasively.


Message History

You kill the jelly!
Qazlal accepts your kill.
You have reached level 5!
Your magical nature develops, letting you fly swiftly and evasively.
An ufetubus comes into view.
The sky beast hits you but does no damage.
There is a stone staircase leading up here.
The sky beast flickers out of sight!
Deactivating autopickup; reactivate with Ctrl-A.
Something hits you. Something shocks you.
You fly upwards.
Reactivating autopickup.
Found 11 gold pieces.
Found a blossoming altar of Fedhas.
Found an escape hatch in the ceiling.
There is a stone staircase leading down here.
Casting: Call Canine Familiar (quite dangerous; 5% risk of failure)
Confirm with . or Enter, or press ? or * to list all spells.
A beastly little devil appears in a puff of flame.
Something hits you. Something shocks you.
Deactivating autopickup; reactivate with Ctrl-A.
Casting: Call Imp (safe; 2% risk of failure)
Confirm with . or Enter, or press ? or * to list all spells.
The spell is quite dangerous to miscast (5% risk of failure)!
Continue anyway?
A sky beast appears from thin air!
Reactivating autopickup.
The sky beast closely misses you.
You barely miss the sky beast. The shadow imp hits you.
You block the sky beast's attack. The shadow imp misses you.
Your hound closely misses the sky beast.
You barely miss the sky beast. Your peck misses the sky beast.
Your hound bites the sky beast.
The sky beast flickers out of sight!
Deactivating autopickup; reactivate with Ctrl-A.
Something hits you. Something shocks you.
* * * LOW HITPOINT WARNING * * *
Your crimson imp hits the shadow imp.
The shadow imp barely misses you.
Your hound closely misses something.
Something closely misses your crimson imp.
Your crimson imp closely misses the shadow imp.
The shadow imp hits you.
You die...

..≈...........
.≈≈≈.........
.≈_≈≈..$....
≈≈.......
....... #..h.#
#...{# #..>5#
#..5@# #...<#
###... #....
#....# #....#
##.... #.....


You could see a shadow imp (ally target), a friendly hound (summoned) and a
friendly crimson imp (summoned).

Vanquished Creatures
  A jelly (D:6)
  An adder (D:2)
  An orc (D:3)
  3 ball pythons
  2 bats
  An endoplasm (D:1)
  2 goblins
  A hobgoblin (D:1)
  2 jackals (D:1)
  A kobold (D:2)
  3 rats
18 creatures vanquished.

Vanquished Creatures (collateral kills)
  An adder (D:2)
  2 dart slugs (D:2)
  2 worms (D:2)
  3 orcs (D:3)
  3 bats (D:1)
  2 endoplasms
  A giant cockroach (D:1)
  5 goblins
  6 hobgoblins
  2 jackals (D:1)
  4 ball pythons (D:2)
  2 frilled lizards
  4 kobolds
37 creatures vanquished.

Grand Total: 55 creatures vanquished

Notes
Turn   | Place    | Note
-------+----------+-------------------------------------------
     0 | D:1      | FuzzyBison the Tengu Summoner began the quest for the Orb.
     0 | D:1      | Reached XP level 1. HP: 10/10 MP: 4/4
   113 | D:1      | Reached XP level 2. HP: 12/15 MP: 3/6
   130 | D:1      | Reached skill level 5 in Summonings
   436 | D:1      | Learned a level 2 spell: Call Imp
   455 | D:1      | Reached XP level 3. HP: 19/19 MP: 4/7
  1215 | D:2      | Reached XP level 4. HP: 24/24 MP: 5/8
  1219 | D:2      | Learned a level 3 spell: Call Canine Familiar
  1372 | D:2      | Found Etesmav's Assorted Antiques.
  1385 | D:2      | Bought a scroll labelled AVVAZX GONER for 31 gold pieces
  1385 | D:2      | Bought a scroll labelled ODWUBEIPOC for 31 gold pieces
  1385 | D:2      | Bought a scroll labelled NIAMEI LIMOMN for 31 gold pieces
  1496 | D:2      | Found a faded altar of an unknown god.
  1499 | D:2      | Prayed at the altar of an unknown god.
  1499 | D:2      | Became a worshipper of Qazlal Stormbringer
  1499 | D:2      | Reached * piety under Qazlal
  2513 | D:3      | You fall into a shaft and drop 3 floors!
  2513 | D:6      | Noticed a sky beast
  2513 | D:6      | Noticed a two-headed ogre
  2515 | D:6      | Noticed an ice beast
  2523 | D:6      | Gained mutation: Your magical nature lets you fly swiftly
                  | and evasively. [Tengu growth]
  2523 | D:6      | Reached XP level 5. HP: 28/28 MP: 6/10
  2527 | D:5      | Entered Level 5 of the Dungeon
  2527 | D:5      | Found a blossoming altar of Fedhas.
  2532 | D:5      | Slain by a shadow imp

Illustrated notes

Levels and vault maps discovered:
D:1:      amcnicky_arrival_blooded_trapdoor, layout_rooms
D:2:      layout_loops_ring, chequers_ecumenical_altar_twisty, serial_shops,
          shop_fountains, hex_tiny
D:3:      layout_basic
D:5:      layout_gridville, mainiacjoe_overflow_alcove_1, fedhas_altar_2
D:6:      cheibrodos_fzero, layout_rooms, temple_pool_b

Skill      XL: |  1  2  3  4 |
---------------+-------------+-----
Summonings     | 5 |  5.6
Dodging        | 3 |  3.2
Stealth        | 3 |  3.1
Spellcasting   | |  2.9

Action                   |  1- 3 |  4- 6 || total
-------------------------+-------+-------++-------
Melee: Club              |    19 |       ||    19
       Unarmed           |     4 |       ||     4
       Kick              |     5 |     4 ||     9
       Peck              |     2 |     1 ||     3
       Short sword       |     6 |    12 ||    18
       Trident           |       |     2 ||     2
Throw: Dart              |       |    10 ||    10
 Cast: Summon Small Mamm |    35 |    18 ||    53
       Call Imp          |     7 |    14 ||    21
       Call Canine Famil |       |     3 ||     3
 Stab: Distracted        |     1 |       ||     1
Armor: Robe              |     9 |     2 ||    11
Dodge: Dodged            |    30 |    13 ||    43
Block: Other             |       |     1 ||     1
